 Dungeon Crawl Stone Soup version 0.31-a0-121-g1e386dd289 (webtiles) character file.

Game seed: 12647517648617430469

449 mopl the Vexing (level 6, -6/35 HPs)
             Began as a Deep Elf Enchanter on May 31, 2023.
             Mangled by a gnoll
             ... wielding a +0 halberd
              (11 damage)
             ... on level 4 of the Dungeon.
             The game lasted 00:04:47 (2340 turns).

mopl the Vexing (Deep Elf Enchanter)                Turns: 2340, Time: 00:04:48

Health: -6/35      AC:  4    Str:  5    XL:     6   Next: 74%
Magic:  1/15       EV: 12    Int: 22    God:
Gold:   196        SH:  0    Dex: 15    Spells: 4/15 levels left

rFire   . . .        a - +1 dagger
rCold   . . .        (no shield)
rNeg    . . .        b - +0 robe
rPois   .            n - +2 hat
rElec   .            (no cloak)
rCorr   .            (no gloves)
SInv    .            (no boots)
Will    .....        (no amulet)
Stlth   +++          (no ring)
HPRegen 0.25/turn    (no ring)
MPRegen 0.14/turn

%: no passive effects
@: no status effects
A: no striking features
a: no special abilities


You were on level 4 of the Dungeon.
You visited 1 branch of the dungeon, and saw 4 of its levels.

You collected 196 gold pieces.

Inventory:

Hand Weapons
 a - a +1 dagger (weapon)
Missiles
 o - 5 poisoned darts
Armour
 b - a +0 robe (worn)
 n - a +2 hat (worn)
Jewellery
 d - an amulet of guardian spirit
Wands
 q - a wand of charming (9)
 t - a wand of flame (13)
Scrolls
 e - 4 scrolls of magic mapping {unknown}
 f - 2 scrolls of fog {unknown}
 h - 2 scrolls of teleportation {unknown}
 j - 2 scrolls of identify
 k - a scroll of torment {unknown}
 m - a scroll of fear {unknown}
 p - a scroll of amnesia {unknown}
 r - a scroll of poison {unknown}
Potions
 c - 2 potions of invisibility
 i - a potion of mutation {!q}
 l - 2 potions of curing
 s - a potion of cancellation
 u - a potion of enlightenment


   Skills:
 + Level 2.2 Fighting
 + Level 3.1 Short Blades
 - Level 2.4 Dodging
 + Level 5.5 Stealth
 + Level 5.1 Spellcasting
 + Level 5.7 Hexes


You had 4 spell levels left.
You knew the following spells:

 Your Spells              Type           Power      Damage    Failure   Level
b - Ensorcelled Hibernat  Hex/Ice        36%        N/A       4%          2
c - Confusing Touch       Hex            30%        N/A       2%          3
d - Tukima's Dance        Hex            30%        N/A       2%          3
f - Dazzling Flash        Conj/Hex       36%        N/A       10%         3

Your spell library contained the following spells:

 Spells                   Type           Power      Damage    Failure   Level
 Kiss of Death            Conj/Necr      20%        2d7       10%         1
 Gell's Gravitas          Tloc           5%         N/A       30%         3
 Teleport Other           Tloc           5%         N/A       30%         3
 Dispel Undead            Necr           5%         3d7       69%         4
 Petrify                  Tmut/Erth      5%         N/A       69%         4
 Metabolic Englaciation   Hex/Ice        9%         N/A       65%         5
 Dispersal                Tloc           2%         N/A       100%        6
 Statue Form              Tmut/Erth      3%         N/A       100%        6


Dungeon Overview and Level Annotations

Branches:
Dungeon (4/15)
 Temple: D:4-7

Altars:
Fedhas
Ru
Sif Muna

Shops:
D:2 (


Message History

The gnoll hits you with a +0 whip.
The gnoll resists with significant effort.
The gnoll looks drowsy...
The gnoll hits you.
The gnoll hits you from afar with a +0 halberd.
The helpless gnoll fails to defend itself.
You impale the gnoll!!
You kill the gnoll!
The gnoll barely misses you. x2
The gnoll resists with significant effort.
The gnoll hits you from afar with a +0 halberd!
The gnoll barely misses you.
You are too injured to fight recklessly!
Casting: Ensorcelled Hibernation (safe; 4% risk of failure)
Confirm with . or Enter, or press ? or * to list all spells.
Aiming: Ensorcelled Hibernation (safe; 4% risk of failure)
Press: ? - help, Shift-Dir - straight line, f/p - gnoll
Aim: a gnoll (chance to affect: 60%)
The gnoll resists with significant effort.
The gnoll hits you from afar with a +0 halberd!
* * * LOW HITPOINT WARNING * * *
The gnoll barely misses you.
Casting: Ensorcelled Hibernation (safe; 4% risk of failure)
Confirm with . or Enter, or press ? or * to list all spells.
Aiming: Ensorcelled Hibernation (safe; 4% risk of failure)
Press: ? - help, Shift-Dir - straight line, f/p - gnoll
Aim: a gnoll (chance to affect: 60%)
The gnoll looks drowsy...
The gnoll barely misses you.
The helpless gnoll fails to defend itself.
You impale the gnoll!!
You kill the gnoll!
The gnoll hits you but does no damage.
Casting: Ensorcelled Hibernation (safe; 4% risk of failure)
Confirm with . or Enter, or press ? or * to list all spells.
Aiming: Tukima's Dance (dangerous; 2% risk of failure)
Press: ? - help, Shift-Dir - straight line, f - gnoll
Aim: a gnoll, wielding a +0 halberd (chance to affect: 68%)
The gnoll struggles to resist.
You hear a shout!
The gnoll hits you from afar with a +0 halberd!
You die...

##########.......####'##....#
+.......+....##....#
#.......#....#######
#.......#.....#
#...g...#.....#
#.......#.....##
####+#######.......####...#
...........#######g.....###
.......†...#....@'......#
.........†.#....)#......#
........<..#.....#......#
...........#.....#......#
...........#'##..#......#
#####.........##########..
#.........# .. #.........#
#.........#


You could see a gnoll.

Vanquished Creatures
  Grinder (D:4)
  Jessica (D:3)
  Natasha (thrice) (D:2)
  7 gnolls
  2 adders (D:3)
  A worm (D:2)
  3 dart slugs
  An orc (D:3)
  5 ball pythons
  6 endoplasms
  3 giant cockroaches
  4 goblins
  6 hobgoblins
  6 jackals
  3 kobolds
  3 quokkas
  3 bats
  2 frilled lizards
  7 rats
67 creatures vanquished.

Vanquished Creatures (others)
  A dancing weapon (D:4)
  A goblin (D:3)
2 creatures vanquished.

Grand Total: 69 creatures vanquished

Notes
Turn   | Place    | Note
-------+----------+-------------------------------------------
     0 | D:1      | mopl the Deep Elf Enchanter began the quest for the Orb.
     0 | D:1      | Reached XP level 1. HP: 10/10 MP: 6/6
   154 | D:1      | Reached XP level 2. HP: 9/16 MP: 8/8
   185 | D:1      | Learned a level 2 spell: Ensorcelled Hibernation
   415 | D:1      | Found a faded altar of an unknown god.
   481 | D:1      | Reached skill level 4 in Stealth
   618 | D:1      | Reached XP level 3. HP: 20/20 MP: 9/9
   622 | D:1      | Learned a level 3 spell: Confusing Touch
   626 | D:1      | Learned a level 3 spell: Tukima's Dance
   944 | D:2      | Found Uryc Was's Antique Weapon Shoppe.
  1093 | D:2      | Reached skill level 1 in Fighting
  1212 | D:2      | Noticed Natasha
  1219 | D:2      | Killed Natasha
  1220 | D:2      | Reached XP level 4. HP: 14/25 MP: 4/11
  1289 | D:2      | Noticed Natasha
  1295 | D:2      | Killed Natasha
  1296 | D:2      | Reached skill level 2 in Short Blades
  1571 | D:2      | Noticed Natasha
  1578 | D:2      | Killed Natasha
  1579 | D:2      | Reached skill level 4 in Spellcasting
  1613 | D:3      | Learned a level 3 spell: Dazzling Flash
  1625 | D:3      | Reached XP level 5. HP: 17/29 MP: 6/13
  1795 | D:3      | Reached skill level 5 in Hexes
  1836 | D:3      | Found a sacrificial altar of Ru.
  1862 | D:3      | Found a shimmering blue altar of Sif Muna.
  2016 | D:3      | Found a blossoming altar of Fedhas.
  2052 | D:3      | Noticed Jessica
  2057 | D:3      | Killed Jessica
  2058 | D:3      | Reached skill level 5 in Stealth
  2194 | D:4      | Noticed Grinder
  2213 | D:4      | Killed Grinder
  2214 | D:4      | Reached skill level 2 in Fighting
  2214 | D:4      | Reached skill level 3 in Short Blades
  2214 | D:4      | Reached skill level 5 in Spellcasting
  2214 | D:4      | Reached XP level 6. HP: 21/35 MP: 11/15
  2340 | D:4      | Mangled by a gnoll

Illustrated notes

Levels and vault maps discovered:
D:1:      ebering_hopf_link, layout_basic, shapermc_ecumenical_altar_pompeii
D:2:      layout_basic, serial_shops, shop, uniq_natasha
D:3:      layout_rooms, fedhas_altar_3, nicolae_ru_awakened_eye,
          lemuel_crystal_altar, uniq_jessica
D:4:      layout_gridville, uniq_menkaure, uniq_grinder

Skill      XL: |  1  2  3  4  5 |
---------------+----------------+-----
Stealth        | 4 5 |  5.5
Fighting       | 1 2 |  2.2
Short Blades   | 2 3 |  3.1
Spellcasting   | 4 5 |  5.1
Hexes          | 5 |  5.7
Dodging        | |  2.4

Action                     |  1- 3 |  4- 6 || total
---------------------------+-------+-------++-------
  Melee: Dagger            |    79 |    63 ||   142
         Punch             |     1 |     1 ||     2
   Cast: Ensorcelled Hiber |    10 |    34 ||    44
         Confusing Touch   |       |     1 ||     1
         Tukima's Dance    |       |     2 ||     2
    Use: Scroll            |       |     5 ||     5
   Stab: Sleeping          |    15 |    27 ||    42
         Confused          |       |     3 ||     3
 Armour: Robe              |     8 |    12 ||    20
  Dodge: Dodged            |    33 |    51 ||    84

Table legend: (Time is in decaauts)
 A = Elapsed time spent in this place.
 B = Non-inter-level travel time spent in this place.
 C = Inter-level travel time spent in this place.
 D = Time resting spent in this place.
 E = Time spent auto-exploring this place.
 F = Levels seen in this place.
 G = Mean time per level.
                   A        B        C        D        E       F      G
               +--------+--------+--------+--------+--------+-----+--------+
         Total |   2327 |   2086 |    241 |    144 |   1365 |   4 |  581.8 |
       Dungeon |   2327 |   2086 |    241 |    144 |   1365 |   4 |  581.8 |
               +--------+--------+--------+--------+--------+-----+--------+

Top non-repeatable levels by time:
     D:1: 812 daAuts
     D:2: 801 daAuts
     D:3: 554 daAuts
     D:4: 159 daAuts
